 Dungeon Crawl Stone Soup version 0.30-a0-253-g6b895097cc (webtiles) character file.

Game seed: 13402983826870649390

1402 BritishOli the Trooper (level 8, -1/67 HPs)
             Began as a Demonspawn Fighter on Oct 13, 2022.
             Slain by a killer bee (4 damage)
             ... on level 6 of the Dungeon.
             The game lasted 00:04:28 (2932 turns).

BritishOli the Trooper (Demonspawn Fighter)         Turns: 2932, Time: 00:04:28

Health: -1/67      AC:  7    Str: 18    XL:     8   Next: 42%
Magic:  8/8        EV:  9    Int:  9    God:
Gold:   269        SH:  6    Dex: 20    Spells: 7/7 levels left

rFire   . . .      SeeInvis .    a - +0 long sword
rCold   . . .      Faith    .    c - +0 buckler
rNeg    . . .      Spirit   .    b - +0 scale mail
rPois   .          Reflect  .    (no helmet)
rElec   .          Harm     .    (no cloak)
rCorr   .          Rampage  .    (no gloves)
Will    .....                    (no boots)
Stlth   +++.......               m - amulet of regeneration
HPRegen 1.11/turn                (no ring)
MPRegen 0.11/turn                (no ring)

@: mighty
A: hooves 1, thin skeletal structure 3, powered by death 1
a: no special abilities


You were on level 6 of the Dungeon.
You visited 1 branch of the dungeon, and saw 6 of its levels.

You collected 269 gold pieces.

Inventory:

Hand Weapons
 a - a +0 long sword (weapon)
Armour
 b - a +0 scale mail (worn)
 c - a +0 buckler (worn)
Jewellery
 h - an amulet of reflection
 m - an amulet of regeneration (around neck)
 p - an amulet of the acrobat
 x - a ring of willpower
Scrolls
 e - 14 scrolls of identify {unknown}
 i - a scroll of fear {unknown}
 k - 3 scrolls of teleportation {unknown}
 n - a scroll of blinking {unknown}
 q - a scroll of torment {unknown}
 r - a scroll of brand weapon {unknown}
 t - a scroll of poison {unknown}
 u - a scroll of enchant armour {unknown}
 v - a scroll of noise {unknown}
 w - a scroll of magic mapping {unknown}
 y - a scroll of enchant weapon {unknown}
Potions
 f - 2 potions of ambrosia {unknown}
 g - a potion of berserk rage {unknown}
 j - a potion of degeneration {unknown}
 l - a potion of cancellation {unknown}
 o - a potion of lignification {unknown}
 A - a potion of resistance {unknown}
 B - a potion of flight {unknown}
 C - a potion of attraction {unknown}


   Skills:
 + Level 7.0 Fighting
 + Level 6.0 Long Blades
 - Level 4.2 Armour
 - Level 4.3 Shields


You had 7 spell levels left.
You didn't know any spells.
Your spell library contained the following spells:

 Spells                   Type           Power      Damage    Failure   Level
 Summon Small Mammal      Summ           0%         N/A       85%         1
 Call Canine Familiar     Summ           0%         N/A       99%         3
 Summon Guardian Golem    Hex/Summ       0%         N/A       99%         3


Dungeon Overview and Level Annotations

Branches:
Dungeon (6/15)
 Temple: D:4-7

Altars:
Ashenzari
Fedhas
Yredelemnul


Innate Abilities, Weirdness & Mutations

You have large cloven feet.
You have an unnaturally thin skeletal structure. (Dex +6, Stealth+++)
You regenerate a little health from kills.


Message History

The killer bee poisons you! The killer bee stings you.
* * * LOW HITPOINT WARNING * * *
You block the killer bee's attack. The killer bee stings you.
* * * LOW HITPOINT WARNING * * *
You are more poisoned.
The killer bee poisons you!
You feel better. You block the killer bee's attack. The killer bee stings you.
* * * LOW HITPOINT WARNING * * *
The killer bee barely misses you. x2
You closely miss the killer bee. Your kick misses the killer bee.
The killer bee is almost dead.
The killer bee stings you but does no damage.
The killer bee barely misses you. The killer bee stings you.
* * * LOW HITPOINT WARNING * * *
You are poisoned.
The killer bee poisons you! The killer bee closely misses you.
The killer bee stings you.
* * * LOW HITPOINT WARNING * * *
The killer bee stings you!
* * * LOW HITPOINT WARNING * * *
You feel better. The killer bee barely misses you. The killer bee stings you.
* * * LOW HITPOINT WARNING * * *
The killer bee closely misses you. You block the killer bee's attack.
Throw: throwing net
Press: ? - help, Q - select action Shift-Dir - straight line, f - killer bee
Aim: a killer bee (40% to hit)
You throw a throwing net.
The throwing net closely misses the killer bee.
You block the killer bee's attack. The killer bee completely misses you.
The killer bee stings you but does no damage.
The killer bee stings you!
* * * LOW HITPOINT WARNING * * *
You feel very mighty all of a sudden. The killer bee misses you.
The killer bee stings you.
* * * LOW HITPOINT WARNING * * *
The killer bee closely misses you. You block the killer bee's attack.
You slash the killer bee!
You kill the killer bee!
You block the killer bee's attack. The killer bee stings you.
You die...

## <# ###### .#
###....# .##
#......# ..#
#.#....# ..#
#.#....# ..#
#.#....#
..###########.#....#
...............†@.>#
..##########...y.#.#
..# #...........#.#
..####.#####.....#.#
.......# #(....#.###
..###### #.....#...#
### #.....#...#
#.....#)..#
####.##.#.#


You could see a killer bee.

Vanquished Creatures
  A water moccasin (D:6)
  A sky beast (D:6)
  A kobold brigand (D:5)
  A phantom (D:6)
  2 necrophages (D:5)
  5 scorpions
  A water moccasin zombie (D:5)
  A wight (D:5)
  3 killer bees (D:6)
  2 bullfrog zombies (D:5)
  A human zombie (D:5)
  2 hounds (D:5)
  3 iguanas
  A scorpion zombie (D:5)
  3 mummies (D:5)
  A howler monkey zombie (D:5)
  5 adders
  4 gnolls (D:5)
  A white imp (D:6)
  An ufetubus (D:5)
  2 dart slugs
  5 orcs
  A bat (D:2)
  3 endoplasms (D:1)
  5 hobgoblins
  7 kobolds
  4 quokkas
  3 ball pythons
  2 frilled lizards (D:1)
  5 goblins
  4 rats
81 creatures vanquished.

Notes
Turn   | Place    | Note
-------+----------+-------------------------------------------
     0 | D:1      | BritishOli the Demonspawn Fighter began the quest for the
                  | Orb.
     0 | D:1      | Reached XP level 1. HP: 18/18 MP: 1/1
   155 | D:1      | Gained mutation: You have a somewhat thin skeletal
                  | structure. (Dex +2, Stealth+) [demonic ancestry]
   155 | D:1      | Reached XP level 2. HP: 18/24 MP: 2/2
   602 | D:2      | You fall into a shaft and drop 1 floor!
   645 | D:3      | Gained mutation: You regenerate a little health from kills.
                  | [demonic ancestry]
   645 | D:3      | Reached XP level 3. HP: 29/29 MP: 3/3
   769 | D:3      | Found a faded altar of an unknown god.
   988 | D:3      | Found a broken altar of Ashenzari.
  1568 | D:4      | Gained mutation: You have a moderately thin skeletal
                  | structure. (Dex +4, Stealth++) [demonic ancestry]
  1568 | D:4      | Reached XP level 4. HP: 35/35 MP: 4/4
  1574 | D:4      | Found a blossoming altar of Fedhas.
  1578 | D:4      | Noticed a black bear
  1584 | D:5      | Entered Level 5 of the Dungeon
  1603 | D:5      | Noticed a scorpion
  1648 | D:5      | Noticed a scorpion
  1656 | D:5      | Killed a scorpion
  1657 | D:5      | Gained mutation: You have large cloven feet. [demonic
                  | ancestry]
  1657 | D:5      | Reached XP level 5. HP: 34/42 MP: 5/5
  1688 | D:5      | Reached skill level 4 in Fighting
  1742 | D:5      | Gained mutation: You have an unnaturally thin skeletal
                  | structure. (Dex +6, Stealth+++) [demonic ancestry]
  1742 | D:5      | Reached XP level 6. HP: 46/48 MP: 6/6
  1752 | D:5      | Found a basalt altar of Yredelemnul.
  1828 | D:5      | Reached XP level 7. HP: 54/55 MP: 7/7
  2035 | D:5      | Reached skill level 5 in Fighting
  2503 | D:5      | Reached skill level 6 in Fighting
  2503 | D:5      | Reached skill level 5 in Long Blades
  2525 | D:6      | Reached XP level 8. HP: 34/64 MP: 8/8
  2919 | D:6      | Reached skill level 7 in Fighting
  2931 | D:6      | HP: 2/67 [killer bee (3)]
  2932 | D:6      | Slain by a killer bee

Illustrated notes

Levels and vault maps discovered:
D:1:      minmay_arrival_four_loops, layout_basic
D:2:      layout_rooms
D:3:      layout_basic, mainiacjoe_overflow_alcove_2,
          ebering_ecumenical_altar_petrified, corexii_item_surrounded_by_moat,
          minmay_misc_feat_iff
D:4:      layout_gridville, mainiacjoe_overflow_catwalk,
          minmay_temple_entry_enclosed_plants
D:5:      layout_loops_ring, lemuel_mausoleum_altar_yredelemnul
D:6:      layout_basic

Skill      XL: |  1  2  3  4  5  6  7  8 |
---------------+-------------------------+-----
Long Blades    | 2 3 5 6 |  6.0
Armour         | 3 4 |  4.2
Shields        | 3 4 |  4.3
Fighting       | 4 6 7 |  7.0

Action                   |  1- 3 |  4- 6 |  7- 9 || total
-------------------------+-------+-------+-------++-------
Melee: Long sword        |   123 |    94 |   136 ||   353
       Kick              |       |    35 |    43 ||    78
Throw: Throwing net      |       |       |     1 ||     1
  Use: Potion            |       |       |     4 ||     4
 Stab: Sleeping          |       |     8 |     1 ||     9
Armor: Scale mail        |    53 |    25 |    78 ||   156
Dodge: Dodged            |    54 |    29 |   103 ||   186
Block: Buckler           |    31 |    25 |    64 ||   120

Table legend: (Time is in decaauts)
 A = Elapsed time spent in this place.
 B = Non-inter-level travel time spent in this place.
 C = Inter-level travel time spent in this place.
 D = Time resting spent in this place.
 E = Time spent auto-exploring this place.
 F = Levels seen in this place.
 G = Mean time per level.
                   A        B        C        D        E       F      G
               +--------+--------+--------+--------+--------+-----+--------+
         Total |   3030 |   2888 |    142 |    130 |   1994 |   6 |  505.0 |
       Dungeon |   3030 |   2888 |    142 |    130 |   1994 |   6 |  505.0 |
               +--------+--------+--------+--------+--------+-----+--------+

Top non-repeatable levels by time:
     D:5: 940 daAuts
     D:3: 703 daAuts
     D:1: 498 daAuts
     D:6: 464 daAuts
     D:2: 404 daAuts
     D:4: 18 daAuts
